Map: Neon Violet Square LE

Players

EightySixed - Winner!

  • Race: Terran Terran
  • League: Silver
  • Spawn Location: 11:00

Infamous

  • Race: Protoss Protoss
  • League: Gold
  • Spawn Location: 5:00

VOD

Have the link to the VOD?

Description

Time

  • Played on: April 13, 2018, 8:47 a.m.
  • Length: 18:10
Show
View Real Time Build Order
Export as new Build Order

EightySixed Terran - Winner!

Build Orders: Bio Tank 

Get SALT Encoding   

  12  0:01  SCV  
  13  0:13  SCV  
  14  0:19  Supply Depot  
  14  0:25  SCV  
  15  0:39  Refinery  
  15  0:40  SCV  
  16  0:47  Barracks  
  16  0:52  SCV  
  17  1:04  SCV  
  18  1:17  SCV  
  19  1:30  Supply Depot  
  19  1:37  Marine  
  20  1:40  SCV  
  21  1:49  Command Center  
  21  1:56  Barracks Reactor  
  21  2:13  Orbital Command  
  21  2:21  Barracks  
  21  2:32  Marine x2  
  23  2:38  SCV  
  24  2:50  SCV  
  25  2:51  Refinery  
  25  2:58  Factory  
  25  3:02  SCV  
  26  3:08  Orbital Command  
  26  3:10  Barracks, Barracks Tech Lab  
  26  3:14  SCV  
  27  3:24  Marine  
  27  3:25  Marine  
  27  3:26  SCV  
  30  3:31  Stimpack  
  30  3:32  Marine  
  31  3:37  SCV  
  31  3:38  SCV  
  33  3:49  Marine, SCV  
  33  3:50  Starport  
  33  3:52  Marine  
  33  3:55  SCV  
  37  4:01  SCV  
  38  4:05  Barracks Tech Lab  
  38  4:09  SCV  
  39  4:16  Factory Tech Lab  
  39  4:17  Marine  
  39  4:18  Marine, Engineering Bay  
  39  4:20  Marine  
  39  4:21  SCV  
  39  4:22  SCV  
  44  4:25  Combat Shields  
  44  4:28  Starport Reactor  
  44  4:41  SCV  
  44  4:43  Supply Depot  
  45  4:49  Terran Infantry Weapons Level 1  
  45  4:53  SCV  
  42  5:06  Supply Depot  
  40  5:13  Cyclone  
  38  5:16  Marine x2  
  38  5:17  Marine x2  
  40  5:29  Supply Depot  
  40  5:34  Marine x2  
  40  5:35  Marine x2  
  37  5:45  Cyclone  
  38  5:52  Marine x2  
  38  5:53  Marine  
  36  6:09  Supply Depot  
  36  6:10  Marine x3  
  39  6:13  Command Center  
  39  6:18  SCV  
  40  6:20  Marine  
  40  6:21  Siege Tank  
  44  6:27  Marine  
  44  6:28  Marine x2  
  44  6:30  SCV  
  47  6:36  Refinery  
  47  6:46  Marine x2  
  45  6:59  Marine  
  45  7:00  Marine, Medivac  
  48  7:02  Refinery  
  48  7:04  Marine x2  
  48  7:07  SCV  
  51  7:14  SCV  
  52  7:19  Marine x2, SCV  
  52  7:20  Medivac  
  52  7:22  Marine x2, Siege Tank  
  62  7:27  SCV  
  63  7:31  SCV  
  64  7:37  Terran Infantry Armor Level 1  
  64  7:38  Marine  
  64  7:39  Marine x2, SCV  
  64  7:40  Marine  
  64  7:41  Orbital Command  
  64  7:43  SCV  
  70  7:50  Medivac  
  70  7:51  SCV  
  73  7:55  SCV  
  73  7:58  Supply Depot  
  74  8:05  Bunker  
  74  8:13  SCV  
  74  8:16  Siege Tank  
  78  8:20  Supply Depot  
  78  8:25  SCV  
  68  8:43  Supply Depot  
  68  8:44  Marine x2  
  68  8:45  Marine x2  
  68  8:48  Siege Tank  
  75  8:53  SCV, Armory  
  76  8:56  Medivac  
  76  8:59  SCV  
  76  9:02  Marine x3  
  81  9:03  Marine  
  81  9:05  SCV  
  84  9:11  SCV  
  85  9:20  Marine x2, Siege Tank  
  85  9:21  Marine  
  85  9:23  Missile Turret, SCV  
  92  9:26  Marine  
  93  9:37  SCV  
  93  9:38  Marine x2  
  96  9:39  Marine  
  96  9:40  SCV  
  98  9:46  Missile Turret  
  98  9:48  Supply Depot  
  98  9:49  SCV  
  98  9:50  Supply Depot  
  98  9:52  Siege Tank, SCV  
  103  9:53  Supply Depot  
  103  9:54  Marine  
  103  9:55  Marine  
  103  9:56  Marine  
  103  9:57  Marine  
  107  10:01  SCV  
  107  10:04  SCV  
  109  10:11  Missile Turret  
  109  10:13  Marine  
  110  10:14  Marine  
  110  10:19  Marine  
  110  10:20  Marine  
  113  10:24  Medivac x2, Siege Tank  
  120  10:31  Marine  
  120  10:32  Marine  
  122  10:37  Marine  
  123  10:45  Supply Depot  
  123  10:47  Supply Depot, SCV x2  
  123  10:49  Marine, SCV  
  127  10:52  Marine x2  
  127  10:55  Marine  
  127  10:56  Siege Tank  
  133  10:58  Terran Vehicle Weapons Level 1  
  133  11:05  Engineering Bay  
  133  11:07  Marine, SCV x3, Terran Infantry Weapons Level 2  
  133  11:08  Supply Depot  
  133  11:09  Supply Depot  
  133  11:10  Marine x2  
  132  11:19  SCV  
  124  11:28  Siege Tank  
  124  11:47  Missile Turret  
  124  12:01  Siege Tank  
  121  12:09  Missile Turret  
  118  12:24  SCV  
  119  12:30  Missile Turret  
  119  12:31  SCV  
  119  12:33  Marine x2, Siege Tank  
  119  12:34  Marine x2  
  119  12:36  SCV  
  128  12:43  SCV  
  129  12:51  Marine x2  
  129  12:52  Marine  
  129  12:53  Terran Vehicle And Ship Armor Level 1  
  129  12:55  SCV  
  133  13:05  Siege Tank  
  136  13:10  Marine  
  116  13:23  Terran Infantry Armor Level 2  
  83  13:37  Siege Tank  
  80  13:42  Marine x2  
  80  13:43  Marine  
  80  13:45  Medivac x2  
  78  14:00  Marine x3  
  78  14:01  Marine  
  82  14:07  SCV  
  82  14:09  Siege Tank  
  86  14:15  Medivac  
  88  14:18  Marine x3  
  88  14:19  Marine, SCV  
  93  14:26  Medivac  
  96  14:31  SCV  
  96  14:36  Marine x3  
  96  14:37  Marine  
  100  14:41  Siege Tank  
  100  14:44  Refinery  
  100  14:45  Medivac, Command Center  
  105  14:47  Terran Ship Weapons Level 1  
  105  14:51  SCV  
  106  14:54  Marine x2  
  106  14:56  Medivac  
  109  15:03  SCV  
  110  15:08  Refinery  
  110  15:12  Marine x2  
  110  15:13  Siege Tank  
  115  15:14  Marine x2  
  115  15:15  SCV  
  115  15:17  Command Center  
  118  15:26  SCV  
  118  15:27  SCV  
  120  15:30  Marine x2  
  122  15:35  Marine  
  122  15:36  Marine  
  122  15:38  SCV  
  122  15:39  Medivac x2  
  129  15:45  Siege Tank  
  129  15:47  Marine  
  129  15:48  Marine  
  128  16:06  Marine  
  117  16:25  Medivac x2  
  119  16:26  Marine x2, Siege Tank  
  119  16:27  Marine  
  127  16:38  Orbital Command  
  127  16:44  Marine  
  127  16:45  Marine  
  127  16:46  Marine x2  
  131  16:55  Medivac  
  131  16:58  Siege Tank  
  136  17:02  Marine  
  136  17:03  Marine  
  136  17:04  Marine  
  139  17:21  Marine  
  120  17:30  Siege Tank  
Show
View Real Time Build Order
Export as new Build Order

Infamous Protoss 

Build Orders:  

Get SALT Encoding   

  12  0:04  Probe  
  13  0:16  Probe (Chrono Boost)  
  13  0:19  Pylon  
  14  0:28  Probe (Chrono Boost)  
  15  0:37  Gateway  
  15  0:42  Probe  
  16  0:54  Probe  
  17  1:06  Probe (Chrono Boost)  
  17  1:09  Assimilator  
  18  1:18  Probe (Chrono Boost)  
  19  1:19  Gateway  
  19  1:26  Probe  
  20  1:43  Probe  
  20  1:46  Assimilator  
  21  1:59  Nexus  
  21  2:03  Cybernetics Core  
  21  2:09  Probe  
  22  2:21  Probe (Chrono Boost)  
  23  2:30  Pylon  
  23  2:40  Warp Gate  
  23  2:49  Stalker (Chrono Boost)  
  27  2:51  Probe  
  27  2:55  Stalker (Chrono Boost)  
  28  3:04  Probe  
  29  3:07  Pylon  
  29  3:14  Probe  
  29  3:16  Probe  
  33  3:23  Stalker (Chrono Boost)  
  33  3:24  Pylon  
  33  3:28  Probe  
  33  3:29  Probe  
  33  3:30  Shield Battery  
  35  3:35  Stalker (Chrono Boost)  
  37  3:46  Robotics Facility  
  37  3:47  Probe  
  38  4:00  Probe  
  38  4:01  Probe  
  40  4:13  Probe  
  41  4:17  Pylon  
  41  4:21  Probe  
  42  4:31  Gateway  
  42  4:32  Gateway  
  42  4:33  Probe  
  42  4:35  Gateway  
  43  4:44  Observer (Chrono Boost)  
  44  5:19  Stalker x2  
  48  5:23  Immortal  
  52  5:48  Stalker x2  
  52  5:49  Stalker x3  
  58  6:00  Immortal (Chrono Boost)  
  58  6:12  Probe  
  58  6:13  Probe  
  58  6:15  Assimilator  
  60  6:18  Assimilator  
  60  6:23  Pylon  
  60  6:25  Probe x2  
  62  6:28  Pylon  
  62  6:34  Pylon  
  48  6:48  Stalker x4  
  48  6:49  Stalker  
  48  6:51  Immortal  
  58  7:03  Probe x2  
  60  7:12  Forge x2  
  60  7:13  Sentry x2  
  60  7:14  Sentry x2  
  68  7:17  Probe x2  
  70  7:26  Immortal  
  74  7:41  Zealot, Twilight Council  
  74  7:42  Zealot x4  
  84  8:02  Protoss Ground Weapons Level 1 (Chrono Boost)  
  84  8:03  Probe x2, Protoss Ground Armor Level 1 (Chrono Boost)  
  84  8:05  Pylon  
  86  8:19  Immortal (Chrono Boost)  
  54  8:42  Stalker x4  
  54  8:43  Stalker  
  64  8:50  Probe x2  
  66  8:58  Shield Battery  
  66  9:01  Photon Cannon  
  66  9:02  Probe  
  67  9:04  Photon Cannon  
  67  9:10  Adept x5  
  67  9:12  Dark Shrine  
  67  9:13  Pylon  
  67  9:14  Probe x2  
  67  9:16  Immortal (Chrono Boost)  
  83  9:41  Stalker  
  83  9:42  Stalker  
  83  9:43  Stalker x2  
  83  9:44  Stalker  
  93  9:49  Protoss Ground Weapons Level 2 (Chrono Boost)  
  93  9:57  Protoss Shields Level 1 (Chrono Boost)  
  93  10:08  Probe x2  
  95  10:22  Sentry  
  95  10:23  Sentry x2  
  101  10:41  Nexus  
  101  10:43  Pylon  
  101  10:45  Pylon  
  101  10:46  Dark Templar x2  
  101  10:48  Pylon  
  105  10:58  Dark Templar  
  107  11:10  Dark Templar  
  109  11:18  Dark Templar  
  105  11:40  Dark Templar  
  105  11:41  Dark Templar  
  109  11:58  Archon  
  105  12:12  Blink (Chrono Boost)  
  105  12:14  Templar Archives  
  103  12:24  Probe  
  103  12:28  Assimilator  
  104  12:31  Probe x2, Assimilator  
  104  12:36  Probe  
  107  12:39  Dark Templar x2  
  111  12:45  Archon  
  111  12:48  Dark Templar  
  113  12:59  Pylon  
  71  13:29  Stalker x3  
  71  13:30  Stalker x2  
  67  13:59  High Templar x3  
  67  14:02  Sentry  
  75  14:12  Probe x3  
  78  14:24  Probe x2  
  78  14:25  Stalker x2  
  84  14:34  Dark Templar x3  
  90  14:45  Archon  
  90  14:46  Archon  
  90  14:59  Stalker  
  92  15:00  Stalker  
  88  15:11  Psionic Storm  
  88  15:17  Sentry x3  
  94  15:28  Protoss Ground Armor Level 2 (Chrono Boost)  
  94  15:32  Zealot x2  
  94  15:34  Charge  
  98  15:46  Probe x2  
  98  15:47  Probe  
  101  16:06  Nexus  
  101  16:10  Pylon  
  75  16:11  Pylon  
  75  16:14  Pylon  
  75  16:15  Stalker  
  75  16:16  Stalker x2  
  75  16:17  Sentry x2  
  77  16:20  Immortal (Chrono Boost)  
  79  16:42  High Templar  
  79  16:47  Zealot x4  
  89  16:57  Immortal (Chrono Boost)  
  93  17:03  Photon Cannon  
  93  17:05  Photon Cannon  
  93  17:08  Photon Cannon  
  93  17:09  Dark Templar x2  
  74  17:27  Dark Templar  
  65  17:42  Dark Templar  
Tags
 
Add a new tag
Caveats
  • Supply blocks, unpowered buildings, or Contaminate may cause inaccurate times.
  • Supply counts are checked every 10 seconds.